[Event "Titled Tuesday Blitz July 27 2021"]
[White "Ahmadzada, Ahmad"]
[Black "Katz, Alexander"]
[WhiteFideId "13413007"]
[BlackFideId "2039796"]
[WhiteElo "2226"]
[BlackElo "2371"]
[Result "1-0"]
[Round "06"]
[TimeControl "180+1"]
[Date "2021.07.27"]
[WhiteClock "0:00:05"]
[BlackClock "0:00:05"]

1. Nf3 Nf6 2. g3 e6 3. Bg2 d5 4. O-O Be7 5. c4 dxc4 6. Qa4+ c6 7. Qxc4 b5 8. Qc2 Bb7 9. d4 O-O 10. Nc3 Nbd7 11. Rd1 Rc8 12. Bg5 b4 13. Ne4 Nxe4 14. Bxe7 Qxe7 15. Qxe4 Nf6 16. Qf4 c5 17. dxc5 Qxc5 18. Rac1 Qb6 19. Ne5 Bxg2 20. Kxg2 Rfd8 21. Rxd8+ Rxd8 22. Nc6 Nd5 23. Qf3 Rc8 24. Ne5 Rc7 25. e4 Nf6 26. Rd1 Rc2 27. Nd7 Nxd7 28. Rxd7 f6 29. e5 Qc6 30. Qxc6 Rxc6 31. exf6 gxf6 32. Rxa7 Rc2 33. b3 h5 34. Kf3 Kf8 35. h4 Ke8 36. Ke3 Kf8 37. f3 Ke8 38. Kf4 Kf8 39. Ra5 Kf7 40. Rxh5 Rxa2 41. Rb5 Rc2 42. Rxb4 Rc3 43. g4 Kg6 44. h5+ Kh6 45. Rb6 e5+ 46. Ke4 Kg5 47. Rb8 Rc1 48. Rg8+ Kh4 49. h6 Rc7 50. Rg7 Rc8 51. h7 Rh8 52. b4 Kg3 53. b5 Kf2 54. b6 1-0


[Site "https://www.chess.com"]

[Event "Titled Tuesday Blitz July 27 2021"]
[White "Aldokhin, Ivan"]
[Black "Radu, David Cr."]
[WhiteFideId "24115720"]
[BlackFideId "1265717"]
[WhiteElo "2306"]
[BlackElo "1661"]
[Result "0-1"]
[Round "06"]
[TimeControl "180+1"]
[Date "2021.07.27"]
[WhiteClock "0:00:06"]
[BlackClock "0:00:06"]

1. e4 c5 2. Nf3 d6 3. d4 cxd4 4. Nxd4 Nf6 5. Nc3 Nc6 6. Bg5 e6 7. Qd2 a6 8. O-O-O Bd7 9. h4 h6 10. Be3 Ne5 11. f3 h5 12. Bg5 Be7 13. f4 Neg4 14. Nf3 Bc6 15. Bd3 b5 16. f5 e5 17. Nd5 Bxd5 18. exd5 O-O 19. Nh2 Nxh2 20. Rxh2 Ng4 21. Rh3 Bf6 22. Be2 Nf2 23. Rg3 Ne4 24. Qe3 Nxg3 25. Qxg3 Bxg5+ 26. hxg5 g6 27. Bd3 Kg7 28. f6+ Kg8 29. Rh1 Qd7 30. Rh4 Rfc8 31. Qf3 e4 32. Bxe4 Rc4 33. Rxh5 Qd8 34. Bxg6 fxg6 35. f7+ Kg7 36. Rh6 Qxg5+ 37. Kb1 Qxh6 38. b3 Rf4 39. Qe3 Rxf7 40. Qd4+ Kg8 41. g4 Qg7 42. Qd2 Qe5 43. a3 Rf4 44. Ka2 Rc8 45. Qd3 Kg7 46. g5 Qc3 47. Qxc3+ Rxc3 48. Kb2 Rff3 49. b4 Rg3 50. Kb1 Rxg5 51. Kb2 Rgg3 52. a4 g5 53. axb5 Rgf3 54. bxa6 Rc7 55. b5 Rff7 56. Kb3 Ra7 57. c4 g4 58. Kb4 g3 59. Ka5 g2 60. b6 g1=Q 61. c5 Qxc5+ 62. Ka4 Qxb6 63. Ka3 Rxa6# 0-1


[Site "https://www.chess.com"]

[Event "Titled Tuesday Blitz July 27 2021"]
[White "Arabidze, Meri"]
[Black "Kalashian, David"]
[WhiteFideId "13604040"]
[BlackFideId "13302418"]
[WhiteElo "2432"]
[BlackElo "2490"]
[Result "0-1"]
[Round "06"]
[TimeControl "180+1"]
[Date "2021.07.27"]
[WhiteClock "0:00:02"]
[BlackClock "0:00:53"]

1. Nf3 Nf6 2. g3 g6 3. Bg2 Bg7 4. O-O O-O 5. d4 d5 6. b3 c6 7. Bb2 Bg4 8. c4 Bxf3 9. Bxf3 e6 10. Nd2 Nbd7 11. Bg2 Rc8 12. Rc1 Re8 13. Re1 a5 14. Qc2 a4 15. e4 axb3 16. axb3 dxe4 17. Nxe4 Nxe4 18. Bxe4 Ra8 19. Rcd1 Qb6 20. Bc3 Ra3 21. b4 Rea8 22. b5 cxb5 23. c5 Qc7 24. Bb4 Ra2 25. Qd3 Nf6 26. Bf3 Qd7 27. Qb3 h5 28. h4 Nd5 29. Bxd5 exd5 30. Qf3 Rb2 31. c6 bxc6 32. Re7 Qf5 33. Qxf5 gxf5 34. Bc5 Raa2 35. Rf1 Rd2 36. Re8+ Kh7 37. Re7 Bxd4 38. Rxf7+ Kg6 39. Rc7 f4 40. Rxc6+ Kf5 41. Bxd4 Rxd4 42. gxf4 Rxf4 43. Rc5 Rg4+ 44. Kh2 Rxh4+ 45. Kg2 Rg4+ 46. Kh2 Rd2 47. Rxb5 Kf4 48. Rb8 Kf3 49. Rf8+ Rf4 50. Rxf4+ Kxf4 51. Kg2 d4 52. Rh1 Kg4 53. Ra1 h4 54. Ra8 h3+ 55. Kf1 Rd1+ 56. Ke2 h2 57. Rg8+ Kf5 58. Rf8+ Ke6 59. Kxd1 h1=Q+ 60. Ke2 Qe4+ 61. Kd2 Ke7 62. Rh8 d3 63. Rh3 Qe2+ 64. Kc3 Qc2+ 0-1


[Site "https://www.chess.com"]

[Event "Titled Tuesday Blitz July 27 2021"]
[White "Asadli, Vugar"]
[Black "Mortazavi, Ali"]
[WhiteFideId "13405764"]
[BlackFideId "401323"]
[WhiteElo "2386"]
[BlackElo "2339"]
[Result "1-0"]
[Round "06"]
[TimeControl "180+1"]
[Date "2021.07.27"]
[WhiteClock "0:00:50"]
[BlackClock "0:00:02"]

1. e4 c6 2. d4 d5 3. e5 Bf5 4. Nc3 e6 5. g4 Bg6 6. Nge2 Ne7 7. Nf4 Nd7 8. h4 h6 9. Nxg6 Nxg6 10. h5 Ne7 11. Ne2 c5 12. c3 Nc6 13. Bg2 cxd4 14. cxd4 Bb4+ 15. Bd2 Qb6 16. Bc3 f6 17. exf6 Nxf6 18. Qd3 O-O-O 19. O-O Bd6 20. Qh3 Kb8 21. f4 Ka8 22. Kh1 Qa6 23. Rae1 Qxa2 24. Ng3 Rhe8 25. g5 hxg5 26. fxg5 Bxg3 27. Qxg3 Ne4 28. Bxe4 dxe4 29. Rxe4 Qd5 30. Qf3 Qxg5 31. Rg1 Qd5 32. Rf4 Qxf3+ 33. Rxf3 Rh8 34. Rxg7 Rxh5+ 35. Kg2 Rhh8 36. Rff7 Rhg8 37. Rxb7 Rxg7+ 38. Rxg7 Nxd4 39. Re7 Rd6 40. Kf2 Nc6 41. Re8+ Kb7 42. Ke3 Kb6 43. Ke4 Kc5 44. Bf6 Rd1 45. Rc8 Re1+ 46. Kd3 Rd1+ 47. Ke4 Re1+ 48. Kd3 Rd1+ 49. Kc3 Rf1 50. Bg5 Rf3+ 51. Kd2 Kd5 52. Be3 Rh3 53. b3 Rh2+ 54. Kd3 Rb2 55. Kc3 Re2 56. Bg1 Rg2 57. Be3 Rg3 58. Kd2 Rg2+ 59. Kd3 Ne5+ 60. Kc3 Rg3 61. Kd2 Ke4 62. Bxa7 Rxb3 63. Re8 Rd3+ 64. Kc2 Rh3 65. Rxe6 Rh2+ 66. Kb3 Kd5 67. Re8 Rh3+ 68. Ka4 Rh4+ 69. Kb5 Rh1 70. Rd8+ Ke6 71. Bc5 Rb1+ 72. Ka4 Ra1+ 73. Kb3 Rc1 74. Ba3 Rb1+ 75. Kc2 Re1 76. Bb2 Kf5 77. Rf8+ Ke4 78. Bxe5 Re2+ 79. Kd1 Ra2 80. Bc3 Kd3 81. Rf3+ Ke4 82. Rh3 Rg2 83. Bd2 Rf2 84. Kc2 Rg2 85. Re3+ Kd5 86. Kd3 Rh2 87. Rf3 Rg2 88. Rf5+ Kc6 89. Bc3 Rg3+ 90. Kc4 Rh3 91. Bd4 Kb7 92. Rf6 Rh1 93. Bc5 Kc7 94. Kd5 Kd7 95. Rf7+ Kc8 96. Kc6 Rh8 97. Ra7 Kb8 98. Ra1 Rc8+ 99. Kb6 Rd8 100. Rb1 Kc8 101. Kc6 Rg8 102. Bd6 Rd8 103. Rb8# 1-0


[Site "https://www.chess.com"]

[Event "Titled Tuesday Blitz July 27 2021"]
[White "Babiy, Olga"]
[Black "Solon, Nathan"]
[WhiteFideId "14117258"]
[BlackFideId "2017229"]
[WhiteElo "2230"]
[BlackElo "2630"]
[Result "0-1"]
[Round "06"]
[TimeControl "180+1"]
[Date "2021.07.27"]
[WhiteClock "0:00:02"]
[BlackClock "0:00:50"]

1. Nf3 d5 2. g3 g6 3. Bg2 Bg7 4. d4 e6 5. O-O Ne7 6. b3 c5 7. Bb2 cxd4 8. Bxd4 f6 9. c4 dxc4 10. bxc4 Nbc6 11. Bc5 Qa5 12. Bxe7 Kxe7 13. Nbd2 Rd8 14. Qc2 e5 15. Nb3 Qc7 16. Nfd2 Bf5 17. Ne4 Nd4 18. Qb2 Rac8 19. Rac1 Kf7 20. e3 Nc6 21. Nec5 b6 22. Bd5+ Ke7 23. Ne4 Nb4 24. Qa3 a5 25. Nc3 Ke8 26. Nb5 Qe7 27. Bg2 Bd3 28. Rfd1 Bxc4 29. Rxd8+ Qxd8 30. Qb2 Bxb5 31. Rxc8 Qxc8 32. a3 Qc2 33. Qa1 Nd3 34. a4 Qxf2+ 35. Kh1 Ne1 36. Bd5 Qf1# 0-1


[Site "https://www.chess.com"]

[Event "Titled Tuesday Blitz July 27 2021"]
[White "Bazeev, German"]
[Black "Madaminov, Mukhiddin"]
[WhiteFideId "24119350"]
[BlackFideId "14210703"]
[WhiteElo "2462"]
[BlackElo "1747"]
[Result "0-1"]
[Round "06"]
[TimeControl "180+1"]
[Date "2021.07.27"]
[WhiteClock "0:01:01"]
[BlackClock "0:00:56"]

1. d4 Nf6 2. Bg5 d5 3. Bxf6 gxf6 4. Nf3 c6 5. e3 Bg7 6. c4 O-O 7. Nc3 dxc4 8. Bxc4 Nd7 9. Qc2 Nb6 10. Bd3 h6 11. O-O-O Nd5 12. Nxd5 Qxd5 13. Kb1 Be6 14. b3 a5 15. Bc4 Bf5 16. Bxd5 Bxc2+ 17. Kxc2 cxd5 18. Kd3 a4 19. b4 Rfc8 20. Rc1 e6 21. a3 Bf8 22. Nd2 h5 23. g3 Kg7 24. Rc2 Rxc2 25. Kxc2 Rc8+ 26. Kb2 Kg6 27. Rc1 Rxc1 28. Kxc1 Kf5 29. h3 e5 30. Kc2 exd4 31. exd4 Bh6 32. f4 h4 33. gxh4 Bxf4 34. Kd3 Bxd2 35. Kxd2 Kg6 36. Ke3 Kh5 37. Kf4 Kxh4 38. Kf5 Kxh3 39. Kxf6 Kg4 40. Ke5 f5 0-1


[Site "https://www.chess.com"]

[Event "Titled Tuesday Blitz July 27 2021"]
[White "Begmuratov, Khumoyun"]
[Black "Luo, Terry"]
[WhiteFideId "14210207"]
[BlackFideId "30931045"]
[WhiteElo "1932"]
[BlackElo "2024"]
[Result "1/2-1/2"]
[Round "06"]
[TimeControl "180+1"]
[Date "2021.07.27"]
[WhiteClock "0:01:26"]
[BlackClock "0:02:23"]

1. e4 c5 2. Nf3 d6 3. d4 cxd4 4. Nxd4 Nf6 5. Nc3 Nc6 6. Be2 e5 7. Nb3 Be7 8. O-O O-O 9. Re1 Be6 10. Nd2 d5 11. exd5 Nxd5 12. Nde4 Nxc3 13. Nxc3 Nd4 14. Bd3 f6 15. Qh5 g6 16. Bxg6 hxg6 17. Qxg6+ Kh8 18. Re4 f5 19. Qh6+ Kg8 20. Qg6+ Kh8 21. Qh5+ Kg8 22. Qg6+ Kh8 1/2-1/2


[Site "https://www.chess.com"]

[Event "Titled Tuesday Blitz July 27 2021"]
[White "Bortnyk, Olexandr"]
[Black "Vasquez Schroeder, Rodrigo"]
[WhiteFideId "14120828"]
[BlackFideId "3400042"]
[WhiteElo "2723"]
[BlackElo "2572"]
[Result "1-0"]
[Round "06"]
[TimeControl "180+1"]
[Date "2021.07.27"]
[WhiteClock "0:00:46"]
[BlackClock "0:00:21"]

1. d4 Nf6 2. Nc3 d6 3. e4 Nbd7 4. g4 h6 5. Nf3 e5 6. Rg1 c6 7. h4 g6 8. g5 hxg5 9. Bxg5 Be7 10. Bc4 b5 11. Bb3 b4 12. dxe5 dxe5 13. Na4 Nxe4 14. Qe2 Nxg5 15. hxg5 Qc7 16. O-O-O Bb7 17. Bxf7+ Kf8 18. Bxg6 Kg7 19. Bf5 Rad8 20. Bxd7 Rxd7 21. Rxd7 Qxd7 22. Qxe5+ Kg8 23. Rd1 Qe8 24. Nc5 Bc8 25. Ne4 Qf7 26. g6 Qe6 27. Nd6 Bd7 28. Nf7 Rh3 29. Qxe6 Bxe6 30. N3g5 1-0


[Site "https://www.chess.com"]

[Event "Titled Tuesday Blitz July 27 2021"]
[White "Calderon, Zachary"]
[Black "Grigorjev, Iljya"]
[WhiteFideId "2076969"]
[BlackFideId "24159565"]
[WhiteElo "2240"]
[BlackElo "2142"]
[Result "0-1"]
[Round "06"]
[TimeControl "180+1"]
[Date "2021.07.27"]
[WhiteClock "0:00:04"]
[BlackClock "0:01:19"]

1. d4 Nf6 2. Bf4 g6 3. Nc3 d5 4. e3 Bg7 5. h4 h6 6. Nf3 a6 7. Bd3 c5 8. dxc5 Nbd7 9. c6 bxc6 10. Ne5 Nxe5 11. Bxe5 O-O 12. e4 dxe4 13. Nxe4 Nxe4 14. Bxg7 Nxf2 15. Kxf2 Kxg7 16. Re1 Qd4+ 17. Kf1 Qxh4 18. Qf3 Be6 19. Qxc6 Rac8 20. Qxa6 Rxc2 21. Re2 Qh1+ 22. Kf2 Rxe2+ 23. Bxe2 Qxa1 24. Qa3 Qxa2 25. Qc3+ Kg8 26. g4 Rb8 27. g5 hxg5 28. b4 Bg4 29. Kg3 Qxe2 30. Qc7 Rc8 0-1


[Site "https://www.chess.com"]

[Event "Titled Tuesday Blitz July 27 2021"]
[White "Chernobay, Artem"]
[Black "Rodchenkov, Vitaly"]
[WhiteFideId "4167406"]
[BlackFideId "4152964"]
[WhiteElo "2480"]
[BlackElo "2337"]
[Result "1-0"]
[Round "06"]
[TimeControl "180+1"]
[Date "2021.07.27"]
[WhiteClock "0:00:04"]
[BlackClock "0:00:13"]

1. d4 Nf6 2. c4 e6 3. Nf3 b6 4. g3 Bb7 5. Bg2 Be7 6. O-O O-O 7. d5 exd5 8. Nh4 c6 9. cxd5 cxd5 10. Nc3 Na6 11. Nf5 Nc5 12. Nxd5 Nxd5 13. Bxd5 Bxd5 14. Qxd5 Bf6 15. Rb1 a5 16. Be3 Re8 17. Nd6 Re6 18. Rfd1 a4 19. Bxc5 bxc5 20. Nb7 Qe8 21. Nxc5 Rxe2 22. Nxd7 Bxb2 23. Nb6 Rb8 24. Nc4 a3 25. Nd6 Qe6 26. Qf3 Re5 27. Qxa3 Re1+ 28. Rxe1 Qxe1+ 29. Rxe1 Bxa3 30. Nc4 Bc5 31. Re5 Bb4 32. a4 Rc8 33. Nb6 Rc1+ 34. Kg2 g6 35. Rb5 Be1 36. Rb2 Ra1 37. Kf3 Bc3 38. Rb5 Bd4 39. a5 Ra2 40. Nc4 Bxf2 41. h3 Bd4 42. Ke4 Bg1 43. g4 Kg7 44. Kd5 h6 45. Kc6 f5 46. gxf5 gxf5 47. Rxf5 Kg6 48. Rb5 h5 49. Kb7 h4 50. a6 Ra4 51. Nb6 Ra3 52. a7 Rf3 53. a8=Q 1-0


[Site "https://www.chess.com"]

[Event "Titled Tuesday Blitz July 27 2021"]
[White "Chernomordik, Pavel"]
[Black "Provotorov, Ivan"]
[WhiteFideId "2804530"]
[BlackFideId "4154657"]
[WhiteElo "2273"]
[BlackElo "2270"]
[Result "1-0"]
[Round "06"]
[TimeControl "180+1"]
[Date "2021.07.27"]
[WhiteClock "0:00:52"]
[BlackClock "0:00:09"]

1. e4 e6 2. Nc3 d5 3. d4 Nf6 4. Bg5 Bb4 5. e5 h6 6. Bh4 g5 7. Bg3 Ne4 8. Ne2 c5 9. a3 Ba5 10. dxc5 Bxc3+ 11. Nxc3 Nxc3 12. bxc3 Qa5 13. Qd2 Nd7 14. h4 Nxc5 15. hxg5 Ne4 16. Qd4 h5 17. Qb4 Qc7 18. Bf4 Nxc3 19. Bd3 Bd7 20. f3 h4 21. a4 a5 22. Qd4 Rc8 23. g6 Kf8 24. Bg5 fxg6 25. Bf6 Rh6 26. Qf4 Rh5 27. Bxg6 Rf5 28. Qh6+ 1-0


[Site "https://www.chess.com"]

[Event "Titled Tuesday Blitz July 27 2021"]
[White "Dardha, Daniel"]
[Black "Terry, Renato"]
[WhiteFideId "240990"]
[BlackFideId "3803457"]
[WhiteElo "2489"]
[BlackElo "2581"]
[Result "0-1"]
[Round "06"]
[TimeControl "180+1"]
[Date "2021.07.27"]
[WhiteClock "0:00:02"]
[BlackClock "0:00:07"]

1. Nc3 d5 2. e4 e6 3. Nf3 Nf6 4. e5 Nfd7 5. d4 c5 6. dxc5 Nc6 7. Bf4 Bxc5 8. Bd3 f6 9. Bb5 O-O 10. exf6 Qxf6 11. Bg3 Nde5 12. Nxd5 Nxf3+ 13. gxf3 exd5 14. Qxd5+ Qe6+ 15. Qxe6+ Bxe6 16. O-O-O Nd4 17. Rhe1 Bxa2 18. Bd3 Nxf3 19. Re4 Rae8 20. Ra4 Be6 21. Be4 Nd4 22. Raxd4 Bxd4 23. Rxd4 Rf7 24. b3 b6 25. Kb2 Rd7 26. Ra4 Rf7 27. Rd4 g6 28. h4 Rd7 29. Ra4 Rc8 30. Ra1 Bf5 31. Bxf5 gxf5 32. Be5 Kf7 33. Rg1 Ke6 34. Re1 Kf7 35. Rg1 a5 36. c4 a4 37. f4 Rd3 38. Rg7+ Ke6 39. bxa4 Rxc4 40. Rxh7 Rb4+ 41. Kc2 Rh3 42. h5 Rxa4 43. Kb2 Rb4+ 44. Kc2 Re4 45. Rh6+ Kd5 46. Rd6+ Kc5 47. h6 Re2+ 48. Kd1 Reh2 49. Rd8 Rxh6 50. Ke1 Kc4 51. Kf1 Rh1+ 52. Kg2 R1h2+ 53. Kg3 R2h3+ 54. Kg2 b5 55. Rc8+ Kd5 56. Rb8 Rh2+ 57. Kg1 Rh1+ 58. Kg2 Rb1 59. Rd8+ Ke4 60. Rd4+ Ke3 61. Rd8 Rg6+ 62. Kh2 b4 63. Bd4+ Kxf4 64. Bf2 Rb2 0-1


[Site "https://www.chess.com"]

[Event "Titled Tuesday Blitz July 27 2021"]
[White "De Silva, L M S T"]
[Black "Arakhamia-Grant, Ketevan"]
[WhiteFideId "9953698"]
[BlackFideId "13600168"]
[WhiteElo "1621"]
[BlackElo "2177"]
[Result "1-0"]
[Round "06"]
[TimeControl "180+1"]
[Date "2021.07.27"]
[WhiteClock "0:01:44"]
[BlackClock "0:00:47"]

1. b3 Nf6 2. Bb2 g6 3. Nf3 Bg7 4. c4 d6 5. g3 e5 6. Bg2 O-O 7. O-O c5 8. e3 Nc6 9. d4 exd4 10. exd4 Ne4 11. Nc3 Nxc3 12. Bxc3 Bg4 13. Qd3 Bxf3 14. Bxf3 cxd4 15. Bxc6 dxc3 16. Bxb7 Rb8 17. Bd5 Qb6 18. Rae1 Kh8 19. Re7 f5 20. Rfe1 f4 21. Rxg7 Kxg7 22. Re7+ Kh6 23. g4 Rbe8 24. Qh3+ Kg5 25. Qxh7 c2 26. h4+ Kxg4 27. Qxg6+ Kh3 28. Bg2+ Kxh4 29. Rh7# 1-0


[Site "https://www.chess.com"]

[Event "Titled Tuesday Blitz July 27 2021"]
[White "De Souza, Cristiano Gomes"]
[Black "Shevchenko, Kirill"]
[WhiteFideId "2151758"]
[BlackFideId "14129574"]
[WhiteElo "2068"]
[BlackElo "2569"]
[Result "0-1"]
[Round "06"]
[TimeControl "180+1"]
[Date "2021.07.27"]
[WhiteClock "0:00:45"]
[BlackClock "0:01:49"]

1. d4 Nf6 2. c4 e6 3. Nf3 d5 4. Nc3 dxc4 5. Bg5 c6 6. e4 b5 7. e5 h6 8. Bh4 g5 9. exf6 gxh4 10. Ne5 Nd7 11. Nxc6 Qb6 12. Ne5 Nxe5 13. dxe5 Bb7 14. Qg4 O-O-O 15. Rd1 Bc5 16. Qxh4 b4 17. Ne4 Bxe4 18. Qxe4 Bxf2+ 19. Ke2 Rxd1 20. Kxd1 Rd8+ 21. Ke2 Rd4 22. Qf3 Rd3 23. Qxd3 cxd3+ 24. Kxd3 Qe3+ 25. Kc2 Qxe5 26. Ba6+ Kc7 27. Rc1 Be3 28. Rd1 Qxf6 29. Kb3 Qf2 30. Bb5 Kb6 31. Bf1 Bd4 32. Rb1 Bxb2 33. Rxb2 Qxf1 34. Kxb4 Qd3 35. Rb3 Qd4+ 36. Ka3+ Ka5 37. h3 e5 38. g4 e4 0-1


[Site "https://www.chess.com"]

[Event "Titled Tuesday Blitz July 27 2021"]
[White "Demchenko, Anton"]
[Black "Can, Emre"]
[WhiteFideId "4160258"]
[BlackFideId "6302181"]
[WhiteElo "2593"]
[BlackElo "2503"]
[Result "1-0"]
[Round "06"]
[TimeControl "180+1"]
[Date "2021.07.27"]
[WhiteClock "0:00:29"]
[BlackClock "0:00:05"]

1. e4 c5 2. Nf3 d6 3. d4 cxd4 4. Qxd4 Nf6 5. Nc3 Nc6 6. Qe3 g6 7. h3 Bg7 8. Bc4 O-O 9. O-O Bd7 10. Rd1 Rc8 11. Qe2 a6 12. a4 Na5 13. Ba2 Qc7 14. Bg5 Rfe8 15. e5 dxe5 16. Nxe5 Be6 17. Bxe6 fxe6 18. Nd3 Qc6 19. Rab1 Nc4 20. Re1 Nd5 21. Ne4 e5 22. Rbd1 Nd6 23. Ndc5 Nxe4 24. Nxe4 Nb6 25. b3 Qxc2 26. Qe3 Qc6 27. h4 Nd5 28. Qh3 Nf6 29. Nd2 Qd7 30. Qxd7 Nxd7 31. Nc4 Nc5 32. Nxe5 Nxb3 33. Rd7 Nc5 34. Rxe7 h6 35. Nxg6 Red8 36. Be3 b5 37. axb5 axb5 38. Ra7 Re8 39. Ne7+ Rxe7 40. Rxe7 Nd3 41. Rb1 b4 42. Rd7 Rc3 43. Rb7 Bf8 44. g3 Rc2 45. Rd1 Ne5 46. Rd8 Nc6 47. Ra8 1-0


[Site "https://www.chess.com"]

[Event "Titled Tuesday Blitz July 27 2021"]
[White "Demidov, Mikhail"]
[Black "Oparin, Grigoriy"]
[WhiteFideId "4197143"]
[BlackFideId "24125890"]
[WhiteElo "2598"]
[BlackElo "2628"]
[Result "0-1"]
[Round "06"]
[TimeControl "180+1"]
[Date "2021.07.27"]
[WhiteClock "0:00:18"]
[BlackClock "0:00:39"]

1. Nf3 Nf6 2. g3 d5 3. Bg2 c5 4. O-O g6 5. c4 Bg7 6. cxd5 Nxd5 7. Nc3 O-O 8. d3 Nc6 9. Nxd5 Qxd5 10. Be3 Bxb2 11. Rb1 Bf6 12. Qc2 b6 13. Nd4 Nxd4 14. Bxd4 Qxd4 15. Bxa8 c4 16. Qxc4 Qxc4 17. dxc4 Bf5 18. Bb7 Bxb1 19. Rxb1 Rd8 20. Kf1 Rd2 21. a4 e6 22. Rb3 Ra2 23. Bc6 Kf8 24. Rd3 a6 25. Rd7 Rc2 26. Rb7 Bd4 27. Rb8+ Kg7 28. Rb7 Rxc4 29. Be8 Kf8 30. Bxf7 Rc6 31. e3 Bf6 32. h4 Bd8 0-1


[Site "https://www.chess.com"]

[Event "Titled Tuesday Blitz July 27 2021"]
[White "Diaz Perez, Michel Alejandro"]
[Black "Libiszewski, Fabien"]
[WhiteFideId "3517179"]
[BlackFideId "616834"]
[WhiteElo "2337"]
[BlackElo "2440"]
[Result "0-1"]
[Round "06"]
[TimeControl "180+1"]
[Date "2021.07.27"]
[WhiteClock "0:00:11"]
[BlackClock "0:00:08"]

1. e4 c5 2. Nf3 Nc6 3. Bb5 Na5 4. O-O a6 5. Be2 d6 6. d4 cxd4 7. Nxd4 Nf6 8. Nc3 g6 9. Re1 Bg7 10. Bf1 O-O 11. Nd5 e6 12. Nxf6+ Qxf6 13. Nf3 Qe7 14. Bg5 Qc7 15. c3 b5 16. Qd2 Bb7 17. Rad1 d5 18. e5 Nc4 19. Qc1 Nxe5 20. Nxe5 Bxe5 21. Bh6 Rfc8 22. Qe3 Bxh2+ 23. Kh1 Bd6 24. Qg5 Be7 25. Qe3 Bc5 26. Qg5 Qe7 27. Qf4 Bd6 28. Qg4 Qf6 29. Re3 Qf5 30. Qxf5 gxf5 31. Bd3 Re8 32. Bc2 f6 33. Rde1 Kf7 34. Rh3 Rh8 35. Be3 h5 36. Bd4 h4 37. Rhe3 e5 38. Bb6 f4 39. Rd3 Rac8 40. Bb3 Rc4 41. Red1 Ke6 42. Kg1 Rg8 43. Kf1 e4 44. R3d2 Rg6 45. Bxc4 bxc4 46. Re2 Kd7 47. b3 cxb3 48. axb3 Kc6 49. Bd4 Be5 50. Ra2 Kd6 51. b4 Rg8 52. Ra5 Rc8 53. b5 axb5 54. Rxb5 Bc6 55. Rb6 Kd7 56. Bxe5 fxe5 57. c4 d4 58. Ra1 d3 59. Ra7+ Kd6 60. Ra5 Rd8 61. Rd5+ Kc7 62. Rxd8 Kxb6 63. Ke1 Ba4 64. Rh8 e3 65. fxe3 fxe3 66. Rd8 d2+ 67. Ke2 d1=Q+ 68. Rxd1 Bxd1+ 69. Kxd1 Kc5 70. Ke2 Kxc4 71. Kxe3 Kd5 72. Kd3 e4+ 73. Ke3 Ke5 74. Ke2 Kd4 75. Kf2 Kd3 76. Ke1 Ke3 77. Kf1 Kd2 78. g4 hxg3 79. Kg2 e3 80. Kxg3 e2 0-1


[Site "https://www.chess.com"]

[Event "Titled Tuesday Blitz July 27 2021"]
[White "Dolzhykova, Kateryna"]
[Black "Amburgy, Ryan"]
[WhiteFideId "14113414"]
[BlackFideId "30924820"]
[WhiteElo "2151"]
[BlackElo "2066"]
[Result "0-1"]
[Round "06"]
[TimeControl "180+1"]
[Date "2021.07.27"]
[WhiteClock "0:00:07"]
[BlackClock "0:00:43"]

1. Nf3 d5 2. g3 Nf6 3. Bg2 g6 4. O-O Bg7 5. c4 O-O 6. Nc3 c6 7. d3 dxc4 8. dxc4 Be6 9. Qb3 Qc8 10. Ng5 Bd7 11. Bf4 Na6 12. Nge4 Nxe4 13. Nxe4 Bf5 14. Be3 Rd8 15. Nc5 Nxc5 16. Bxc5 Qc7 17. Rad1 b6 18. Be3 Rac8 19. Bf4 Be5 20. Bxe5 Qxe5 21. Rxd8+ Rxd8 22. Bxc6 Qxe2 23. Bg2 Rd2 24. Qa4 Bd3 25. Qxa7 Rd1 26. Qb8+ Kg7 27. Qe5+ Qxe5 28. Rxd1 Bxc4 29. b3 Be6 30. Bf3 Qc3 31. Kg2 g5 32. h3 Qc2 33. Rd4 Qxa2 34. Rb4 Qa5 35. Re4 Bd5 36. Rxe7 Bxf3+ 37. Kxf3 Qd5+ 38. Kg4 Qxb3 39. Kxg5 Qf3 40. Re4 Qxe4 0-1


[Site "https://www.chess.com"]

[Event "Titled Tuesday Blitz July 27 2021"]
[White "Dvirnyy, Danyyil"]
[Black "Gontcharov, Vladislav"]
[WhiteFideId "817570"]
[BlackFideId "4123492"]
[WhiteElo "2531"]
[BlackElo "2503"]
[Result "0-1"]
[Round "06"]
[TimeControl "180+1"]
[Date "2021.07.27"]
[WhiteClock "0:00:14"]
[BlackClock "0:00:47"]

1. e4 e6 2. d4 d5 3. Nc3 Bb4 4. e5 c5 5. a3 Bxc3+ 6. bxc3 Qc7 7. Qg4 f6 8. Bb5+ Nc6 9. Nf3 Qf7 10. Bf4 cxd4 11. cxd4 Bd7 12. h4 Nxe5 13. Nxe5 fxe5 14. Bxd7+ Kxd7 15. Bxe5 Nf6 16. Qf3 Rhc8 17. Qb3 Ke8 18. O-O Rc6 19. Rae1 Rac8 20. Re2 Kf8 21. Rfe1 Kg8 22. f3 b6 23. Bh2 Nd7 24. Bg3 Nf8 25. Kh2 Qf5 26. Qa4 a5 27. Qb5 h5 28. Re5 Qf7 29. Qd3 g6 30. Rg5 Rxc2 31. Bd6 R8c3 32. Qb5 Rxf3 33. Bxf8 Qf4+ 34. Kg1 Qxd4+ 0-1


[Site "https://www.chess.com"]

[Event "Titled Tuesday Blitz July 27 2021"]
[White "Fakhrutdinov, Timur"]
[Black "Timmermans, Mark"]
[WhiteFideId "24176702"]
[BlackFideId "1026399"]
[WhiteElo "2405"]
[BlackElo "2460"]
[Result "1-0"]
[Round "06"]
[TimeControl "180+1"]
[Date "2021.07.27"]
[WhiteClock "0:00:06"]
[BlackClock "0:00:36"]

1. c4 Nf6 2. Nc3 e5 3. g3 d5 4. cxd5 Nxd5 5. Bg2 Nb6 6. Nf3 Nc6 7. O-O Be7 8. d3 O-O 9. Be3 Be6 10. Rc1 f6 11. a3 Qd7 12. Ne4 Rfc8 13. Bc5 Bd5 14. Bxe7 Nxe7 15. Nc5 Qd6 16. e4 Bc6 17. d4 exd4 18. Nxd4 Rab8 19. Qb3+ Kh8 20. Rfd1 Qe5 21. f4 Qh5 22. Qe6 Re8 23. b4 a6 24. Bf3 Qg6 25. Kf2 Ng8 26. Qf5 Qf7 27. Nxc6 bxc6 28. Rc2 a5 29. bxa5 Nc4 30. Rd7 Re7 31. Rxe7 Nxe7 32. Qe6 Qxe6 33. Nxe6 Nxa5 34. Nxc7 Rb3 35. a4 Ra3 36. Rd2 Ng8 37. Rd8 Ra2+ 38. Ke3 Nc4+ 39. Kd4 Rd2+ 40. Kxc4 Rxd8 41. a5 Rc8 42. Ne6 Ra8 43. Kb4 Rb8+ 44. Ka4 Ne7 45. a6 Nc8 46. Ka5 Rb3 47. Bg4 Ra3+ 48. Kb4 Rxa6 49. Nc7 Rb6+ 50. Kc5 Rb8 51. Kxc6 Ne7+ 52. Kd6 Ng6 53. h4 Rd8+ 54. Kc5 Rd3 55. h5 Nf8 56. Nd5 Rxg3 57. Bc8 Rh3 58. Bxh3 g6 59. hxg6 hxg6 60. Kd6 Kg7 61. Ke7 g5 62. f5 Nh7 63. Bg4 Nf8 64. Nxf6 Kh8 65. Nd5 Kg7 66. f6+ Kg8 67. Be6+ Nxe6 68. Kxe6 g4 69. f7+ Kf8 70. Nf6 g3 71. Nd7+ Kg7 72. f8=Q+ Kh7 73. Qf7+ 1-0


[Site "https://www.chess.com"]

[Event "Titled Tuesday Blitz July 27 2021"]
[White "Florescu, Codrut-Constantin"]
[Black "Ozen, Bahadir"]
[WhiteFideId "1202200"]
[BlackFideId "6337058"]
[WhiteElo "2243"]
[BlackElo "2503"]
[Result "0-1"]
[Round "06"]
[TimeControl "180+1"]
[Date "2021.07.27"]
[WhiteClock "0:00:07"]
[BlackClock "0:00:08"]

1. d4 e6 2. Bf4 c5 3. e3 Nf6 4. c3 Be7 5. Nd2 O-O 6. Bd3 b6 7. Qe2 Bb7 8. Ngf3 d6 9. h4 Nbd7 10. h5 Re8 11. g4 e5 12. g5 exf4 13. gxf6 Nxf6 14. O-O-O Bf8 15. Rdg1 cxd4 16. cxd4 Rc8+ 17. Kb1 fxe3 18. fxe3 Qe7 19. Re1 Qe6 20. Rhg1 Bxf3 21. Qxf3 d5 22. Rg3 Kh8 23. Reg1 Rc7 24. Qf4 Bd6 25. Qg5 Bxg3 26. Rxg3 Rg8 27. a3 a5 28. Ka2 Re7 29. Bf5 Qd6 30. Rf3 Ne8 31. Bd3 Qe6 32. Nf1 h6 33. Qf4 Nd6 34. Ng3 Rge8 35. Nf5 Nxf5 36. Bxf5 Qf6 37. Qg4 Qg5 38. Qh3 Rxe3 39. Bc2 Rxf3 40. Qxf3 Qf6 41. Qxd5 Qe6 42. Qxe6 fxe6 43. Kb3 Rd8 44. Kc4 Kg8 45. Bg6 Kf8 46. b4 axb4 47. axb4 Ke7 48. Be4 Kf6 49. Bg6 Rd6 50. Kc3 Kg5 51. Kc4 Kf4 52. Bf7 Ke3 53. d5 exd5+ 54. Bxd5 g5 55. hxg6 Rxg6 56. Kb5 h5 57. Bc6 Rg4 58. Kxb6 Rxb4+ 59. Kc5 Rd4 60. Bg2 h4 61. Bh3 Rd1 62. Kc4 Kf2 0-1


[Site "https://www.chess.com"]